 Dungeon Crawl Stone Soup version 0.28-a0-1524-ge72afd5fc6 (webtiles) character file.

Game seed: 1961600410435052229

57 psuckher the Shield-Bearer (level 4, 0/28 HPs)
             Began as a Gargoyle Fighter on Jan 17, 2022.
             Slain by a gnoll (5 damage)
             ... on level 3 of the Dungeon.
             The game lasted 00:08:09 (1895 turns).

psuckher the Shield-Bearer (Gargoyle Fighter)       Turns: 1895, Time: 00:08:09

Health: 0/28       AC: 11    Str: 21    XL:     4   Next: 0%
Magic:  4/4        EV:  9    Int:  9    God:
Gold:   81         SH:  4    Dex:  9    Spells: 3/3 levels left

rFire   . . .      SeeInvis .   a - +0 war axe
rCold   . . .      Faith    .   c - +0 buckler
rNeg    + . .      Spirit   .   b - +0 scale mail
rPois   ∞          Reflect  .   (no helmet)
rElec   +          Harm     .   (no cloak)
rCorr   .          Rampage  .   l - +0 pair of gloves
Will    +....                   (no boots)
Stlth   ..........              (no amulet)
HPRegen 0.09/turn               h - ring of willpower
MPRegen 0.09/turn               (no ring)

@: no status effects
A: sickness immunity, AC +3, negative energy resistance 1, electricity
resistance, torment resistance 1, petrification resistance
a: no special abilities


You were on level 3 of the Dungeon.
You visited 1 branch of the dungeon, and saw 3 of its levels.

You collected 81 gold pieces.

Inventory:

Hand Weapons
 a - a +0 war axe (weapon)
Missiles
 m - a throwing net (quivered)
Armour
 b - a +0 scale mail (worn)
 c - a +0 buckler (worn)
 i - a scarf of harm
 l - a +0 pair of gloves (worn)
Jewellery
 h - a ring of willpower (left hand)
Scrolls
 e - 3 scrolls of noise {unknown}
 f - 2 scrolls of identify {unknown}
 k - a scroll of blinking {unknown}
Potions
 d - a potion of might
 g - 2 potions of ambrosia {unknown}
 j - 2 potions of degeneration {unknown}


   Skills:
 + Level 3.5 Fighting
 + Level 2.7 Axes
 + Level 3.6 Armour
 + Level 0.1 Stealth
 + Level 4.0 Shields


You had 3 spell levels left.
You didn't know any spells.
Your spell library was empty.

Dungeon Overview and Level Annotations

Branches:
Dungeon (3/15)

Altars:

Shops:
D:1 !**(


Innate Abilities, Weirdness & Mutations

You are immune to sickness and miasma.
Your stone body is resilient. (AC +3)
You are immune to poison.
You resist negative energy. (rN+)
You are resistant to electric shocks. (rElec)
You are resistant to unholy torment.
You are immune to petrification.


Message History

The ball python closely misses you. The ball python constricts you.
You slash the ball python!
You kill the ball python!
The gnoll shaman invokes the aid of its god against you.
You resist with almost no effort. 2 gnolls and a bat come into view.
The gnoll shouts! x2
A ball python comes into view.
The gnoll shaman closely misses you. The bat hits you.
You hit the gnoll shaman.
The gnoll shaman is moderately wounded.
You hit the bat.
You kill the bat!
The gnoll shaman barely misses you.
A jackal comes into view.
The gnoll shaman calls upon its god to speed up the gnoll.
The gnoll seems to speed up.
You have reached level 4!
You feel clever.
The jackal barks!
The gnoll barely misses you.
You hit the gnoll shaman.
The gnoll shaman is heavily wounded.
You barely miss the gnoll. The gnoll hits you with a +0 whip.
The gnoll hits you but does no damage. x2
You block the gnoll shaman's attack. The gnoll hits you with a +0 whip.
A jackal comes into view.
The gnoll hits you with a +0 spear.
You barely miss the gnoll. You hit the gnoll shaman.
You closely miss the gnoll. The gnoll hits you with a +0 whip.
You block the gnoll shaman's attack. The gnoll barely misses you.
The gnoll hits you but does no damage.
A jackal comes into view.
The gnoll shaman hits you with a +0 whip.
You hit the gnoll but do no damage. You hit the gnoll.
You hit the gnoll shaman. The gnoll hits you but does no damage.
The gnoll hits you with a +0 spear.
* * * LOW HITPOINT WARNING * * *
The gnoll hits you with a +0 whip.
You die...

..###.##########
#.##.#....>....#
#.###..........#
##..##..#######.#
#.......# #.##########
....##..#######...........
........#.....#..###......
....##.##.###.#g.###......
....##.##.# #...@gShh.h...
.##.#.#.#.###...g##†......
.##..###..)..........##..#
..###.#.#.....#..##.... #
#......##....<#.........
..####.####.#.#.####.####
..###..# #.#.#.# .#
)..#.#.# #.#.#.# ..
.#..###. #.#.#..


You could see a gnoll shaman, 2 gnolls, 3 jackals and a ball python.

Vanquished Creatures
  An adder (D:2)
  A gnoll (D:3)
  A dart slug (D:2)
  4 ball pythons
  6 endoplasms
  A giant cockroach (D:1)
  4 goblins (D:1)
  2 hobgoblins
  2 jackals (D:1)
  2 quokkas
  3 bats
  3 frilled lizards
  A kobold (D:3)
  A rat (D:1)
32 creatures vanquished.

Vanquished Creatures (others)
  An endoplasm (D:1)
  4 plants (D:1)
5 creatures vanquished.

Grand Total: 37 creatures vanquished

Notes
Turn   | Place    | Note
-------+----------+-------------------------------------------
     0 | D:1      | psuckher the Gargoyle Fighter began the quest for the Orb.
     0 | D:1      | Reached XP level 1. HP: 14/14 MP: 1/1
   132 | D:1      | Found Ypnar's Distillery.
   203 | D:1      | Reached XP level 2. HP: 15/19 MP: 2/2
   267 | D:1      | Found Mokous's General Store.
   327 | D:1      | Found Muymo's General Store.
   397 | D:1      | Found Wevomul's Antique Weapon Shop.
   824 | D:1      | Reached XP level 3. HP: 18/23 MP: 3/3
  1483 | D:2      | Reached skill level 4 in Shields
  1889 | D:3      | Reached XP level 4. HP: 27/28 MP: 4/4
  1895 | D:3      | Slain by a gnoll

Illustrated notes

Levels and vault maps discovered:
D:1:      tarquinn_simple_flora_water_d, layout_basic, serial_shops,
          nicolae_shop_crystal, nicolae_shop_overgrown_old_shop,
          nicolae_shop_statue_plus, shop, minmay_misc_feat_doors,
          minmay_misc_feat_room, lemuel_old_faithful
D:2:      layout_loops_ring
D:3:      layout_loops_ring, nicolae_dithmenos_shadow_blocks,
          amethyst_overflow_temple_binary, hellmonk_ecumenical_altar_blasted,
          uniq_jessica

Skill      XL: |  1  2  3 |
---------------+----------+-----
Axes           | 2 |  2.7
Shields        | 4 |  4.0
Fighting       | |  3.5
Armour         | |  3.6
Stealth        | |  0.1

Action                   |  1- 3 |  4- 6 || total
-------------------------+-------+-------++-------
Melee: War axe           |    98 |     3 ||   101
Armor: Scale mail        |    40 |     4 ||    44
Dodge: Dodged            |    70 |     2 ||    72
Block: Buckler           |    25 |     2 ||    27

Table legend: (Time is in decaauts)
 A = Elapsed time spent in this place.
 B = Non-inter-level travel time spent in this place.
 C = Inter-level travel time spent in this place.
 D = Time resting spent in this place.
 E = Time spent auto-exploring this place.
 F = Levels seen in this place.
 G = Mean time per level.
                   A        B        C        D        E       F      G
               +--------+--------+--------+--------+--------+-----+--------+
         Total |   1942 |   1630 |    312 |      0 |      0 |   3 |  647.3 |
       Dungeon |   1942 |   1630 |    312 |      0 |      0 |   3 |  647.3 |
               +--------+--------+--------+--------+--------+-----+--------+

Top non-repeatable levels by time:
     D:1: 930 daAuts
     D:2: 867 daAuts
     D:3: 144 daAuts
